Map: 2000 Atmospheres LE

Players

Krystianer

  • Race: Protoss Protoss

uThermal - Winner!

  • Race: Terran Terran

Event: DreamHack SC2 Masters 2021 Fall

VOD

Have the link to the VOD?

Description

Time

  • Played on: Aug. 11, 2021, 9:56 a.m.
  • Length: 11:39

All games in this series

Show
View Real Time Build Order
Export as new Build Order

Krystianer Protoss 

Build Orders: Blink Stalkers, Chargelot Immortal 

Get SALT Encoding   

  12  0:00  Probe  
  13  0:12  Probe  
  14  0:17  Pylon  
  14  0:24  Probe (Chrono Boost)  
  15  0:36  Gateway, Probe (Chrono Boost)  
  16  0:44  Probe (Chrono Boost)  
  16  0:45  Assimilator  
  17  0:50  Probe  
  18  1:03  Probe  
  19  1:15  Probe  
  20  1:23  Cybernetics Core  
  20  1:24  Zealot  
  22  1:27  Probe  
  22  1:31  Pylon  
  23  1:49  Probe  
  24  1:56  Nexus  
  24  1:57  Stalker (Chrono Boost)  
  26  2:03  Assimilator  
  26  2:06  Probe  
  27  2:17  Stalker (Chrono Boost)  
  29  2:24  Probe  
  30  2:30  Warp Gate  
  30  2:36  Probe  
  31  2:38  Pylon  
  31  2:48  Probe  
  30  2:55  Stalker  
  30  2:59  Shield Battery  
  30  3:00  Probe  
  31  3:06  Twilight Council  
  31  3:08  Probe (Chrono Boost)  
  32  3:18  Probe (Chrono Boost)  
  32  3:19  Probe (Chrono Boost)  
  34  3:24  Probe (Chrono Boost)  
  34  3:26  Probe (Chrono Boost)  
  36  3:34  Probe  
  36  3:37  Probe  
  36  3:38  Robotics Facility  
  36  3:40  Blink (Chrono Boost)  
  38  3:46  Probe  
  39  3:49  Probe  
  39  3:54  Gateway  
  40  3:58  Probe  
  40  4:01  Probe  
  42  4:07  Gateway  
  42  4:10  Probe  
  42  4:13  Probe  
  44  4:17  Gateway  
  44  4:21  Assimilator  
  44  4:22  Probe  
  45  4:25  Probe  
  45  4:29  Pylon  
  48  4:35  Probe  
  48  4:37  Stalker  
  51  4:39  Observer (Chrono Boost)  
  49  4:54  Stalker  
  49  4:56  Probe, Warp Prism (Chrono Boost)  
  53  5:01  Probe  
  54  5:08  Probe  
  54  5:21  Probe (Chrono Boost)  
  54  5:22  Nexus  
  54  5:24  Probe (Chrono Boost)  
  55  5:33  Probe (Chrono Boost)  
  55  5:35  Forge  
  56  5:39  Probe (Chrono Boost)  
  56  5:40  Pylon, Probe (Chrono Boost)  
  58  5:43  Probe (Chrono Boost)  
  58  5:44  Observer  
  58  5:47  Pylon, Probe  
  61  5:50  Charge  
  61  6:01  Probe  
  63  6:04  Protoss Ground Weapons Level 1 (Chrono Boost)  
  63  6:05  Stalker x4  
  71  6:13  Probe  
  71  6:17  Probe  
  69  6:21  Gateway  
  69  6:22  Gateway  
  69  6:25  Probe  
  70  6:28  Gateway  
  70  6:30  Gateway  
  70  6:40  Templar Archives, Immortal (Chrono Boost)  
  70  6:44  Probe  
  70  6:45  Probe  
  70  6:46  Probe  
  75  6:56  Sentry, Probe  
  75  6:57  Probe  
  75  6:58  Probe  
  80  7:08  Probe  
  81  7:09  Probe, Immortal (Chrono Boost)  
  81  7:11  Zealot x3  
  81  7:14  Pylon  
  81  7:15  Pylon  
  92  7:32  Zealot x2  
  92  7:33  Zealot x2  
  92  7:37  Pylon  
  100  7:38  Immortal (Chrono Boost)  
  100  7:40  Pylon  
  104  8:03  Zealot x4  
  104  8:04  High Templar x2, Immortal (Chrono Boost)  
  120  8:07  Pylon  
  120  8:09  Photon Cannon  
  120  8:10  Shield Battery  
  112  8:27  Zealot x3  
  112  8:28  Zealot x3, Archon  
  112  8:32  Probe  
  123  8:37  Immortal (Chrono Boost)  
  123  8:39  Zealot x2  
  123  8:41  Pylon  
  123  8:47  Probe  
  124  8:49  Pylon  
  124  8:51  Assimilator  
  124  8:52  Protoss Ground Armor Level 1 (Chrono Boost)  
  124  8:53  Assimilator, Stalker x4  
  132  9:06  Zealot x4  
  132  9:09  Pylon  
  140  9:11  Pylon  
  140  9:18  Zealot x4  
  148  9:28  Zealot  
  148  9:29  Zealot x3  
  114  9:39  Immortal (Chrono Boost)  
  114  9:40  Zealot x4  
  114  9:45  Probe  
  117  9:51  Sentry x2  
  117  9:52  Stalker x2  
  107  10:03  Stalker x3  
  91  10:16  Zealot x5  
  99  10:28  Stalker  
  101  10:31  Stalker  
  99  10:36  Zealot  
  99  10:37  Zealot x4  
  99  10:38  Zealot  
  93  10:55  High Templar  
  93  10:56  High Templar  
  83  10:59  High Templar x2, Zealot x4  
  83  11:02  Archon  
  83  11:03  Archon  
  89  11:20  Zealot x4  
  84  11:25  Probe x2  
Show
View Real Time Build Order
Export as new Build Order

uThermal Terran - Winner!

Build Orders:  

Get SALT Encoding   

  12  0:00  SCV  
  13  0:12  SCV  
  14  0:18  Supply Depot  
  14  0:24  SCV  
  15  0:39  SCV  
  15  0:40  Barracks  
  16  0:45  Refinery  
  16  0:51  SCV  
  16  0:55  Refinery  
  17  1:03  SCV  
  18  1:15  SCV  
  19  1:27  Reaper, Orbital Command  
  20  1:45  Engineering Bay  
  20  1:51  Factory  
  20  1:53  SCV  
  21  1:59  Reaper  
  22  2:03  Supply Depot  
  22  2:06  SCV  
  23  2:12  Bunker  
  23  2:24  SCV  
  24  2:36  SCV, Widow Mine  
  27  2:46  Command Center  
  27  2:58  Widow Mine  
  30  3:01  Starport  
  29  3:09  SCV, Supply Depot  
  30  3:24  SCV  
  30  3:26  Bunker  
  31  3:31  Widow Mine  
  33  3:37  Medivac  
  33  3:38  SCV  
  33  3:39  Armory  
  35  3:50  Refinery, SCV  
  36  3:58  Factory Tech Lab  
  37  4:02  SCV  
  37  4:03  Orbital Command  
  37  4:12  Starport Tech Lab  
  37  4:14  Barracks Reactor  
  37  4:15  SCV  
  37  4:16  Siege Tank  
  40  4:27  SCV  
  40  4:28  SCV  
  40  4:29  Barracks  
  42  4:38  Barracks  
  42  4:39  SCV, Raven  
  42  4:41  SCV  
  46  4:50  Supply Depot  
  46  4:52  Marine  
  46  4:53  Marine  
  46  4:58  Siege Tank  
  52  5:00  SCV  
  52  5:03  SCV  
  51  5:12  SCV  
  51  5:13  Marine x2  
  54  5:15  SCV, Engineering Bay  
  53  5:24  SCV  
  53  5:27  SCV  
  55  5:29  Stimpack, Marauder  
  55  5:30  Marine  
  55  5:31  Supply Depot  
  55  5:32  Marine  
  59  5:36  Factory Reactor  
  59  5:37  Marauder  
  59  5:40  Starport Reactor  
  59  5:41  SCV, Supply Depot  
  62  5:47  Terran Infantry Weapons Level 1  
  62  5:53  Marine x3, SCV x2  
  62  5:56  Combat Shield  
  67  5:59  Marine  
  67  6:00  Supply Depot  
  68  6:05  SCV  
  68  6:10  Marine  
  70  6:11  Marine  
  70  6:12  Marine  
  70  6:13  SCV  
  70  6:16  Medivac  
  75  6:19  Medivac  
  75  6:20  Marine, Supply Depot  
  75  6:21  Widow Mine x2  
  82  6:26  SCV  
  82  6:28  Marine, Missile Turret  
  80  6:37  SCV  
  80  6:39  Marauder  
  81  6:42  Marine x2  
  81  6:43  Refinery  
  81  6:44  Widow Mine  
  81  6:46  Widow Mine, Medivac  
  89  6:49  Marine  
  89  6:59  Marine, Supply Depot  
  89  7:00  Marine  
  91  7:03  Marine  
  91  7:05  SCV  
  91  7:07  Marauder  
  93  7:10  Supply Depot  
  93  7:13  Concussive Shells  
  93  7:14  Widow Mine  
  93  7:15  Medivac  
  97  7:18  Marauder  
  97  7:21  Widow Mine  
  101  7:23  Marine  
  101  7:25  Supply Depot  
  101  7:27  Medivac  
  101  7:28  Marine  
  101  7:29  Marine  
  105  7:36  Widow Mine  
  108  7:39  Marine  
  108  7:41  Marine  
  108  7:42  Supply Depot, Widow Mine  
  112  7:50  Marine  
  112  7:51  Marauder  
  115  7:57  Widow Mine, Marauder  
  119  7:59  Marine  
  119  8:04  Terran Infantry Armor Level 1, Widow Mine  
  122  8:08  Marine  
  122  8:12  Marauder  
  124  8:17  Marine  
  124  8:18  Widow Mine, Marauder  
  127  8:20  Medivac  
  127  8:25  Widow Mine  
  127  8:26  Marine  
  129  8:34  Marine, Marauder  
  126  8:39  Marine  
  126  8:40  Widow Mine  
  130  8:44  Supply Depot  
  130  8:46  Widow Mine, Liberator  
  133  8:50  Liberator  
  133  8:51  Missile Turret  
  133  8:52  Missile Turret  
  133  8:55  Marauder  
  138  8:58  Marine  
  138  9:00  Marine  
  138  9:01  Marine, Supply Depot  
  141  9:11  Supply Depot  
  141  9:16  Marine x2  
  128  9:37  Liberator x2  
  128  9:38  Marine, Marauder  
  122  9:41  Marine, Widow Mine x2  
  122  9:42  Marauder  
  118  10:02  Marine  
  118  10:03  Marauder  
  110  10:12  Marine, Widow Mine x2  
  110  10:13  Marauder  
  113  10:20  Marine, Liberator  
  116  10:24  Marauder  
  117  10:30  Marine  
  117  10:33  Widow Mine  
  117  10:34  Marauder  
  117  10:35  Liberator  
  123  10:38  Marine  
  123  10:39  Widow Mine  
  126  10:45  Marauder  
  126  10:48  Marine  
  118  10:55  Marine, Widow Mine, Marauder  
  121  11:01  Widow Mine  
  126  11:05  Marine  
  126  11:06  Marine  
  128  11:13  Marine  
  128  11:16  Widow Mine  
  128  11:17  Marauder  

Tags
 
Add a new tag
Caveats
  • Supply blocks, unpowered buildings, or Contaminate may cause inaccurate times.
  • Supply counts are checked every 10 seconds.